 Dungeon Crawl Stone Soup version 0.28.0-53-g5a82cb258f (webtiles) character file.

Game seed: 1604131263665321205

914 hawla the Magician (level 7, -5/55 HPs)
             Began as a Deep Elf Air Elementalist on June 17, 2022.
             Shot with an arrow by a centaur (13 damage)
             ... on level 5 of the Dungeon.
             The game lasted 00:12:05 (5509 turns).

hawla the Magician (Deep Elf Air Elementalist)      Turns: 5509, Time: 00:12:05

Health: -5/55      AC: 23    Str: 11    XL:     7   Next: 82%
Magic:  19/19      EV:  2    Int: 20    God:
Gold:   145        SH:  5    Dex: 15    Spells: 17/20 levels left

rFire   . . .      SeeInvis +   (no weapon)
rCold   . . .      Faith    .   (no shield)
rNeg    . . .      Spirit   .   (armour currently unavailable)
rPois   +          Reflect  +   (helmet currently unavailable)
rElec   .          Harm     .   (cloak currently unavailable)
rCorr   .          Rampage  .   (gloves currently unavailable)
Will    .....      NoTele   +   (boots currently unavailable)
Stlth   +++.......              i - amulet of reflection
HPRegen 0.18/turn               k - +6 ring of strength
MPRegen 0.16/turn               (no ring)

@: tree-form
A: stationary, stasis, torment immunity, boosted hp, (camouflage 1), see
invisible, weak 1
a: no special abilities


You were on level 5 of the Dungeon.
You were a tree.
You visited 1 branch of the dungeon, and saw 5 of its levels.

You collected 145 gold pieces.

Inventory:

Missiles
 c - 12 poisoned darts
 j - 2 boomerangs
Armour
 a - a +0 robe (melded)
 b - a +0 cloak (melded)
Jewellery
 i - an amulet of reflection (around neck)
 k - a +6 ring of strength (left branch)
Scrolls
 g - a scroll of magic mapping
 n - a scroll of amnesia {unknown}
 o - a scroll of immolation {unknown}
 p - a scroll of holy word {unknown}
Potions
 e - a potion of mutation
 h - a potion of resistance {unknown}
 l - a potion of experience {unknown}
 m - a potion of magic {unknown}


   Skills:
 + Level 0.6 Fighting
 + Level 4.2 Dodging
 + Level 4.7 Stealth
 + Level 0.2 Shields
 + Level 7.3 Spellcasting
 + Level 4.0 Conjurations
 + Level 5.2 Air Magic


You had 17 spell levels left.
You knew the following spells:

 Your Spells              Type           Power      Damage    Failure   Level
a - Shock                 Conj/Air       100%       1d9       1%          1
b - Static Discharge      Conj/Air       26%        N/A       1%          2

Your spell library contained the following spells:

 Spells                   Type           Power      Damage    Failure   Level
 Swiftness                Air            28%        N/A       3%          3
 Airstrike                Air            14%        N/A       11%         4
 Ensorcelled Hibernation  Hex/Ice        14%        N/A       14%         2
 Passwall                 Tmut/Erth      5%         N/A       14%         2
 Fulminant Prism          Conj/Hex       7%         3d7       36%         4
 Iskenderun's Mystic Bla  Conj/Tloc      15%        2d5       36%         4
 Lee's Rapid Deconstruct  Erth           3%         3d6*      94%         5


Dungeon Overview and Level Annotations

Branches:
Dungeon (5/15)
 Temple: D:4-7

Altars:
Beogh

Shops:
D:3 (   D:4 =[*

Annotations:
D:4 3 runed translucent doors, DocClef's ghost, amateur DrFi


Innate Abilities, Weirdness & Mutations

You are a tree.
Your roots penetrate the ground, keeping you stationary.
You cannot be teleported.
You are immune to unholy pain and torment.
Your maximum health is greatly increased.
Your equipment is partially melded.
((Your skin changes colour to match your surroundings (Stealth+).))
You have supernaturally acute eyesight. (SInv)
You are weak. (Str -2)


Message History

You are struck by an arc of lightning.
The lightning grounds out.
Your Conjurations skill increases to level 4!
Unknown command.
Your magical contamination has completely faded away.
Key pressed, stopping explore.
Things that are here:
a +0 giant spiked club; an ogre corpse
Found a stone staircase leading down.
You now have enough gold to buy a glowing rapier on D:3.
You can access your shopping list by pressing '$'.
You now have 145 gold pieces (gained 14).
There is a stone staircase leading down here.
Found a ring mail.
p - a scroll labelled TUFAHETWES A centaur comes into view.
The centaur shouts!
The centaur wields a +0 shortbow.
The centaur shoots an arrow.
The arrow hits you!
A centaur is nearby!
The centaur shoots an arrow.
The arrow hits you!
The centaur shoots an arrow.
The arrow hits you.
* * * LOW HITPOINT WARNING * * *
It was a potion of curing.
You feel better.
The centaur shoots an arrow.
The arrow hits you.
* * * LOW HITPOINT WARNING * * *
It was a potion of mutation.
You feel extremely strange.
You feel weaker.
Your skin functions as natural camouflage.
Your vision sharpens.
The centaur shoots an arrow.
The arrow hits you!
* * * LOW HITPOINT WARNING * * *
The centaur shoots an arrow.
The arrow closely misses you.
It was a potion of lignification.
You turn into a tree.
Your +0 cloak melds into your body.
Your +0 robe melds into your body.
Your roots penetrate the ground.
The centaur shoots an arrow.
The arrow hits you.
* * * LOW HITPOINT WARNING * * *
Unknown command.
You feel better.
The centaur shoots an arrow.
The arrow hits you!
You die...

#
.###.######.#.#######
# ...
................. #
...####.....#.###### #
... #.......# #.
#.##..##.#.# #
#...#..........#######
#
#.....................
#
#...###.#.##[#########
# #.....♣.#.#### #
#.c..##.#.# # #.##
#.#.# # #.#.# # ###.#
# #.# . #.. # #


You could see a centaur.

Vanquished Creatures
  Menkaure (D:4)
  4 ogres
  A phantom (D:5)
  A water moccasin zombie (D:5)
  5 wights (D:5)
  An iguana (D:4)
  A hound skeleton (D:4)
  3 adders
  A dart slug (D:3)
  An orc (D:3)
  6 ball pythons
  An endoplasm (D:2)
  2 giant cockroaches (D:4)
  7 hobgoblins
  5 jackals
  2 quokkas (D:1)
  6 bats
  5 frilled lizards
  6 kobolds
  7 rats
66 creatures vanquished.

Notes
Turn   | Place    | Note
-------+----------+-------------------------------------------
     0 | D:1      | hawla the Deep Elf Air Elementalist began the quest for the
                  | Orb.
     0 | D:1      | Reached XP level 1. HP: 10/10 MP: 6/6
   380 | D:1      | Reached XP level 2. HP: 15/15 MP: 4/8
   383 | D:1      | Learned a level 2 spell: Static Discharge
   966 | D:2      | Found a faded altar of an unknown god.
   966 | D:2      | Noticed a shining eye
   970 | D:2      | Noticed a shining eye
   975 | D:2      | Noticed a shining eye
  1165 | D:2      | Noticed a shining eye
  1506 | D:2      | Reached XP level 3. HP: 19/19 MP: 7/10
  2509 | D:3      | Found Uwec's Antique Weapon Shoppe.
  2744 | D:4      | Found Kolobb's General Store.
  2854 | D:4      | Reached XP level 4. HP: 20/24 MP: 4/11
  2942 | D:4      | Found Xoinuf's Antique Armour Emporium.
  2948 | D:4      | Reached skill level 4 in Spellcasting
  3090 | D:4      | Found a runed translucent gate.
  3093 | D:4      | Found a runed translucent gate.
  3093 | D:4      | Found a runed translucent gate.
  3096 | D:4      | Noticed DocClef's ghost (amateur DrFi)
  3096 | D:4      | Identified the +2 leather armour of Impressiveness {rC+
                  | Will+}
  3648 | D:4      | Noticed Menkaure
  3653 | D:4      | Killed Menkaure
  3653 | D:4      | HP: 1/24 [/static electricity (2)]
  3654 | D:4      | Reached skill level 5 in Spellcasting
  3654 | D:4      | Reached XP level 5. HP: 1/28 MP: 6/14
  3767 | D:4      | Noticed an ogre
  4004 | D:4      | Killed an ogre
  4005 | D:4      | Reached XP level 6. HP: 12/32 MP: 5/16
  4221 | D:4      | Found Uciumneg's Jewellery Boutique.
  4463 | D:5      | Entered Level 5 of the Dungeon
  4570 | D:5      | Reached skill level 6 in Spellcasting
  4576 | D:5      | Reached XP level 7. HP: 22/36 MP: 1/18
  5041 | D:5      | Reached skill level 5 in Air Magic
  5042 | D:5      | Reached skill level 7 in Spellcasting
  5507 | D:5      | Gained mutation: You are weak. (Str -2) [potion of
                  | mutation]
  5507 | D:5      | Gained mutation: Your skin changes colour to match your
                  | surroundings (Stealth+). [potion of mutation]
  5507 | D:5      | Gained mutation: You have supernaturally acute eyesight.
                  | (SInv) [potion of mutation]
  5508 | D:5      | HP: 2/55 [centaur/arrow (4)]
  5509 | D:5      | Shot with an arrow by a centaur

Illustrated notes

Levels and vault maps discovered:
D:1:      dpeg_arrival_long_road, layout_rooms
D:2:      layout_loops_corners, hellmonk_ecumenical_altar_watching_god
D:3:      layout_basic, serial_shops, nicolae_shop_trees
D:4:      layout_basic, serial_shops, nicolae_shop_advertising_works
          [nicolae_subvault_shop_adworks], shop, kennysheep_mini,
          biasface_ghost_orc_armoury, uniq_menkaure
D:5:      layout_basic, nicolae_ru_path_of_blood, uniq_crazy_yiuf_cottage

Skill      XL: |  1  2  3  4  5  6  7 |
---------------+----------------------+-----
Dodging        | 3 4 |  4.2
Stealth        | 3 4 |  4.7
Spellcasting   | 5 6 7 |  7.3
Conjurations   | 2 3 4 |  4.0
Air Magic      | 4 5 |  5.2
Fighting       | |  0.6
Shields        | |  0.2

Action                   |  1- 3 |  4- 6 |  7- 9 || total
-------------------------+-------+-------+-------++-------
Melee: Unarmed           |    23 |       |     3 ||    26
 Cast: Shock             |    54 |    15 |     8 ||    77
       Static Discharge  |    23 |    24 |    16 ||    63
  Use: Scroll            |     4 |       |       ||     4
       Potion            |       |       |     4 ||     4
Armor: Robe              |    16 |     2 |     1 ||    19
Dodge: Dodged            |    34 |    10 |     8 ||    52
Block: Other             |       |     2 |     6 ||     8
